 Dungeon Crawl Stone Soup version 0.28.0-53-g5a82cb258f (webtiles) character file.

Game seed: 7915682375535943818

225 H0rd4k the Charlatan (level 6, -7/46 HPs)
             Began as a Human Artificer on June 23, 2022.
             Mangled by Duvessa
             ... wielding a +1 short sword of venom
              (13 damage)
             ... on level 4 of the Dungeon.
             The game lasted 00:03:26 (4001 turns).

H0rd4k the Charlatan (Human Artificer)              Turns: 4001, Time: 00:03:27

Health: -7/46      AC:  4    Str: 12    XL:     6   Next: 21%
Magic:  6/6        EV: 12    Int: 17    God:
Gold:   136        SH:  0    Dex: 13    Spells: 5/5 levels left

rFire   . . .      SeeInvis .   j - +2 dagger (protect)
rCold   . . .      Faith    .   (no shield)
rNeg    . . .      Spirit   .   b - +0 leather armour
rPois   .          Reflect  .   l - +0 helmet {Int+3}
rElec   .          Harm     .   (no cloak)
rCorr   .          Rampage  .   (no gloves)
Will    .....                   (no boots)
Stlth   +.........              (no amulet)
HPRegen 0.15/turn               (no ring)
MPRegen 0.10/turn               (no ring)

@: lethally poisoned (-7 -> -18)
A: no striking features
a: no special abilities


You were on level 4 of the Dungeon.
You visited 1 branch of the dungeon, and saw 4 of its levels.

You collected 136 gold pieces.

Inventory:

Hand Weapons
 a - a +0 club
 j - a +2 dagger of protection (weapon)
 r - a +0 short sword of flaming
Missiles
 o - 6 poisoned darts (quivered)
Armour
 b - a +0 leather armour (worn)
 l - a +0 helmet of intelligence (worn)
 u - the +0 robe "Mucwol" {rC+ rN+ Int+4 SInv}
   (You found it on level 4 of the Dungeon)

   Int:       It affects your intelligence (+4).
   rC:        It protects you from cold.
   rN:        It protects you from negative energy.
   SInv:      It lets you see invisible.
Magical Staves
 t - a staff of fire
Jewellery
 g - a ring of poison resistance
Wands
 c - a wand of flame (13)
 d - a wand of charming (4)
Scrolls
 f - 4 scrolls of identify {unknown}
 i - 2 scrolls of noise {unknown}
 n - a scroll of fear {unknown}
 q - a scroll of teleportation {unknown}
 s - a scroll of fog {unknown}
Potions
 h - a potion of resistance {unknown}
 k - 2 potions of attraction {unknown}
 m - 2 potions of curing {unknown}
 p - a potion of degeneration {unknown}
Miscellaneous
 e - a piece from Xom's chessboard (15/15)


   Skills:
 + Level 2.4 Fighting
 + Level 2.5 Short Blades
 + Level 1.2 Maces & Flails
 - Level 2.0 Armour
 + Level 2.4 Dodging
 - Level 1.0 Stealth
 + Level 4.3 Evocations


You had 5 spell levels left.
You didn't know any spells.
Your spell library was empty.

Dungeon Overview and Level Annotations

Branches:
Dungeon (4/15)
 Temple: D:4-7

Altars:

Annotations:
D:3 2 transporters, 1 runed translucent door, exclusions: door and downstairs, Crazy Yiuf; Flure's ghost, amateur KoBr
D:4 Duvessa


Message History

Duvessa hits the gnoll with a +1 short sword of venom!
The gnoll dies!
The hound skeleton bites you. The hound skeleton bites you.
Found a slimy robe.
Duvessa hits the hound skeleton with a +1 short sword of venom!
The hound skeleton bites you.
Duvessa hits the hound skeleton with a +1 short sword of venom!!
The hound skeleton is destroyed!
What are your orders? t - Shout!
Orders for allies: a - Attack new target. r - Retreat! s - Stop attacking. g - Guard the area. f - Follow me.
Anything else - Cancel.
Guard this area!
Duvessa rages.
You hear an angry hiss.
Duvessa rages.
You see here the +0 robe "Mucwol" {rC+ rN+ Int+4 SInv}.
u - the +0 robe "Mucwol" {rC+ rN+ Int+4 SInv} Duvessa is no longer charmed.
Duvessa closely misses you. Duvessa barely misses you.
Unknown command.
Aiming: Charm
Press: ? - help, Shift-Dir - straight line, f - Duvessa
Aim: Duvessa, wielding a +1 short sword of venom and wearing a +0 ring mail (moderately wounded, berserk, chance to affect: 42%) Duvessa resists with some effort.
Duvessa hits you with a +1 short sword of venom!
* * * LOW HITPOINT WARNING * * *
You are lethally poisoned!
Aiming: Charm
Press: ? - help, Shift-Dir - straight line, f/p - Duvessa
Aim: Duvessa, wielding a +1 short sword of venom and wearing a +0 ring mail (moderately wounded, berserk, chance to affect: 42%) Duvessa resists with some effort.
* * * LOW HITPOINT WARNING * * *
You feel very sick.
You hear an angry hiss.
Duvessa hits you with a +1 short sword of venom!
You die...

####....##...
##.#.....#...# .
#........#..## ..
#............# ...
##...........# .... ##
##..........)..
.....#.###...........##.
........................
.......@e....####.......
.........##.............
...##..####....?........
. #.. #.........#... ##.
.............. #.
........#...... #.
........##..... ..
.....#..........
.....#....#.....


You could see Duvessa (berserk).

Vanquished Creatures
  An orc priest (D:3)
  Jessica (D:2)
  An adder (D:3)
  A dart slug (D:1)
  4 orcs (D:3)
  5 ball pythons
  5 bats
  7 endoplasms
  3 giant cockroaches
  7 goblins
  6 hobgoblins
  3 quokkas (D:3)
  4 frilled lizards
  5 kobolds
  7 rats
60 creatures vanquished.

Vanquished Creatures (collateral kills)
  Dowan (D:4)
  A hound skeleton (D:4)
  3 gnolls (D:4)
  A hobgoblin (D:4)
  2 kobolds
8 creatures vanquished.

Vanquished Creatures (others)
  A sky beast (D:4)
  A phantom (D:4)
  An adder (D:4)
  A demonic plant (D:1)
  2 plants (D:3)
  A withered plant (D:1)
7 creatures vanquished.

Grand Total: 75 creatures vanquished

Notes
Turn   | Place    | Note
-------+----------+-------------------------------------------
     0 | D:1      | H0rd4k the Human Artificer began the quest for the Orb.
     0 | D:1      | Reached XP level 1. HP: 15/15 MP: 1/1
   196 | D:1      | Reached XP level 2. HP: 12/21 MP: 2/2
   802 | D:1      | Found a faded altar of an unknown god.
   807 | D:1      | Reached XP level 3. HP: 26/26 MP: 3/3
  1315 | D:2      | Noticed Jessica
  1338 | D:2      | Killed Jessica
  1339 | D:2      | Reached skill level 4 in Evocations
  1339 | D:2      | Reached XP level 4. HP: 7/32 MP: 4/4
  2410 | D:2      | Reached skill level 1 in Short Blades
  2606 | D:3      | Reached skill level 1 in Maces & Flails
  3025 | D:3      | Reached XP level 5. HP: 32/38 MP: 5/5
  3286 | D:3      | Found a transporter.
  3287 | D:3      | Identified the +10 great mace "Femip" {flame, Fragile rPois
                  | rN+}
  3287 | D:3      | Noticed an ogre
  3287 | D:3      | Noticed Flure's ghost (amateur KoBr)
  3294 | D:3      | Noticed an ogre
  3295 | D:3      | Found a transporter.
  3407 | D:3      | Found a runed translucent door.
  3408 | D:3      | Noticed Crazy Yiuf
  3565 | D:4      | Noticed Duvessa
  3565 | D:4      | Noticed a sky beast
  3568 | D:4      | Noticed Dowan
  3742 | D:4      | Noticed a phantom
  3762 | D:4      | Killed Dowan
  3978 | D:4      | Reached XP level 6. HP: 31/44 MP: 6/6
  3998 | D:4      | Identified the +0 robe "Mucwol" {rC+ rN+ Int+4 SInv}
  4001 | D:4      | Mangled by Duvessa

Illustrated notes

Levels and vault maps discovered:
D:1:      lordsloth_arrival_two_stooges, layout_rooms,
          shapermc_ecumenical_altar_gd, corexii_hall_statues_i
D:2:      layout_basic, amcnicky_mini_pool_small, roderic_serpentine_path,
          uniq_jessica
D:3:      layout_loops_ring, gammafunk_ghost_smash, serial_forest,
          infiniplex_forest_end_2, infiniplex_forest_clump_tiny,
          infiniplex_forest_straight_2, infiniplex_forest_lined_2,
          infiniplex_forest_lined_3, infiniplex_forest_corner_2,
          minmay_splitting_lines, minmay_cupped, uniq_crazy_yiuf_cottage
D:4:      minmay_chambers_of_twos, layout_cave_pools, kennysheep_mini_moat,
          minmay_misc_feat_iff, uniq_eustachio, uniq_duvessa

Skill      XL: |  1  2  3  4  5 |
---------------+----------------+-----
Evocations     | 4 |  4.3
Short Blades   | 1 2 |  2.5
Maces & Flails | 1 |  1.2
Fighting       | 2 |  2.4
Dodging        | 2 |  2.4
Armour         | |  2.0
Stealth        | |  1.0

Action                   |  1- 3 |  4- 6 || total
-------------------------+-------+-------++-------
Melee: Club              |    36 |       ||    36
       Dagger            |    53 |   147 ||   200
       Punch             |     1 |     1 ||     2
Evoke: Wand              |     2 |    11 ||    13
 Stab: Sleeping          |     3 |     1 ||     4
Armor: Leather armour    |    32 |    60 ||    92
Dodge: Dodged            |    63 |    88 ||   151
